 Dungeon Crawl Stone Soup version 0.30.0-5-g1a98f26d00 (webtiles) character file.

Game seed: 1097967965229978147

37 Sleet the Caller (level 3, -1/19 HPs)
             Began as a Deep Elf Summoner on May 8, 2023.
             Shot with a sling bullet by a goblin (4 damage)
             ... on level 2 of the Dungeon.
             The game lasted 00:03:20 (1288 turns).

Sleet the Caller (Deep Elf Summoner)                Turns: 1288, Time: 00:03:21

Health: -1/19      AC:  2    Str:  5    XL:     3   Next: 21%
Magic:  4/10       EV: 13    Int: 21    God:
Gold:   51         SH:  0    Dex: 15    Spells: 3/9 levels left

rFire   . . .        (no weapon)
rCold   . . .        (no shield)
rNeg    . . .        a - +0 robe
rPois   .            (no helmet)
rElec   .            (no cloak)
rCorr   .            (no gloves)
SInv    .            (no boots)
Will    .....        (no amulet)
Stlth   ++           (no ring)
HPRegen 0.23/turn    (no ring)
MPRegen 0.12/turn

%: no passive effects
@: no status effects
A: no striking features
a: no special abilities


You were on level 2 of the Dungeon.
You visited 1 branch of the dungeon, and saw 2 of its levels.

You collected 51 gold pieces.

Inventory:

Armour
 a - a +0 robe (worn)
Scrolls
 d - a scroll of fog {unknown}
 e - a scroll of identify {unknown}
 f - 2 scrolls of teleportation
Potions
 b - a potion of magic
 c - a potion of berserk rage {unknown}
 g - a potion of resistance {unknown}
 h - a potion of heal wounds {unknown}


   Skills:
 + Level 3.0 Dodging
 + Level 3.0 Stealth
 + Level 3.5 Spellcasting
 * Level 4.9 Summonings


You had 3 spell levels left.
You knew the following spells:

 Your Spells              Type           Power      Damage    Failure   Level
a - Summon Small Mammal   Summ           96%        N/A       1%          1
b - Call Imp              Summ           48%        N/A       2%          2
c - Call Canine Familiar  Summ           24%        N/A       4%          3

Your spell library contained the following spells:

 Spells                   Type           Power      Damage    Failure   Level
 Summon Guardian Golem    Hex/Summ       14%        N/A       14%         3
 Summon Lightning Spire   Summ/Air       14%        N/A       41%         4


Dungeon Overview and Level Annotations

Branches:
Dungeon (2/15)

Altars:

Annotations:
D:2 Sigmund


Message History

Your hound's corpse disappears in a puff of smoke!
You swing at nothing.
You swing at nothing.
Something misses your cerulean imp.
You swing at nothing.
A puff of flame appears from out of thin air!
The puff of flame hits your cerulean imp!
You swing at nothing.
Something misses your cerulean imp.
You swing at nothing.
Your rat disappears in a puff of smoke!
You swing at nothing.
Something hits your cerulean imp!
Your cerulean imp dies!
Your cerulean imp disappears in a puff of smoke!
You swing at nothing.
Something barely misses you.
You swing at nothing.
Casting: Call Canine Familiar (quite dangerous; 4% risk of failure)
Confirm with . or Enter, or press ? or * to list all spells.
A tiny devil pulls itself out of the air.
Something hits you!
Ouch! That really hurt!
* * * LOW HITPOINT WARNING * * *
You swap places.
Found a scroll labelled WYTRYNACSE.
Found a stone staircase leading down.
Something hits you.
* * * LOW HITPOINT WARNING * * *
Casting: Summon Small Mammal (safe; 1% risk of failure)
Press: ? - help, Q - select action, (/) - cycle Dir - look around, f - activate
Okay, then.
As you read the scroll labelled LAJUTEIHOD, it crumbles to dust.
You feel strangely unstable.
It was a scroll of teleportation.
Sigmund appears from thin air!
Reactivating autopickup.
Sigmund barely misses your cerulean imp.
Your cerulean imp hits Sigmund but does no damage.
Your surroundings suddenly seem different.
A goblin comes into view. It is wielding a +0 club.
Found a sedimented pink potion.
The goblin shouts!
The goblin unwields a +0 club.
The goblin wields a +0 sling.
The goblin shoots a sling bullet.
The sling bullet hits you.
You die... .############.# !......@.g....# .############.#

You could see a goblin.

Vanquished Creatures (collateral kills)
  Natasha (D:2)
  A bat (D:1)
  An endoplasm (D:1)
  A giant cockroach (D:1)
  3 hobgoblins
  A quokka (D:1)
  A ball python (D:1)
  A kobold (D:2)
  2 rats (D:1)
12 creatures vanquished.

Notes
Turn   | Place    | Note
-------+----------+-------------------------------------------
     0 | D:1      | Sleet the Deep Elf Summoner began the quest for the Orb.
     0 | D:1      | Reached XP level 1. HP: 10/10 MP: 6/6
   718 | D:1      | Reached XP level 2. HP: 15/15 MP: 4/8
   721 | D:1      | Learned a level 2 spell: Call Imp
   997 | D:2      | Noticed Natasha
  1014 | D:2      | Killed Natasha
  1015 | D:2      | Reached XP level 3. HP: 3/19 MP: 5/9
  1019 | D:2      | Learned a level 3 spell: Call Canine Familiar
  1239 | D:2      | Noticed Sigmund
  1288 | D:2      | Shot with a sling bullet by a goblin

Illustrated notes

Levels and vault maps discovered:
D:1:      dpeg_arrival_three_same_balls, layout_basic
D:2:      layout_basic, uniq_natasha, uniq_sigmund

Skill      XL: |  1  2  3 |
---------------+----------+-----
Stealth        | 3 |  3.0
Dodging        | 3 |  3.0
Spellcasting   | |  3.5
Summonings     | |  4.9

Action                     || total
---------------------------++-------
  Melee: Unarmed           ||     2
   Cast: Summon Small Mamm ||    39
         Call Imp          ||     4
         Call Canine Famil ||     2
    Use: Scroll            ||     1
 Armour: Robe              ||     1
  Dodge: Dodged            ||    10
